 Dungeon Crawl Stone Soup version 0.29-a0-397-g846e4a0bbc (webtiles) character file.

Game seed: 6146403960941565613

5 PurpleHaze the Ducker (level 1, 0/10 HPs)
             Began as a Felid Berserker on May 11, 2022.
             Was a Follower of Trog.
             Frozen to death by an endoplasm (1 damage)
             ... on level 1 of the Dungeon.
             The game lasted 00:02:14 (191 turns).

PurpleHaze the Ducker (Felid Berserker)              Turns: 191, Time: 00:02:15

Health: 0/10       AC:  1    Str: 13    XL:     1   Next: 66%
Magic:  2/2        EV: 18    Int:  8    God:    Trog [*.....]
Gold:   17         SH:  0    Dex: 15    Spells: 0/0 levels left
                                        Lives:  0   Deaths: 0

rFire   . . .      SeeInvis +     - Unarmed
rCold   . . .      Faith    .   (shield unavailable)
rNeg    . . .      Spirit   .   (body armour unavailable)
rPois   .          Reflect  .   (helmet unavailable)
rElec   .          Harm     .   (cloak unavailable)
rCorr   .          Rampage  .   (gloves unavailable)
Will    .....                   (boots unavailable)
Stlth   +.........              (no amulet)
HPRegen 0.03/turn               (no ring)
MPRegen 0.08/turn               (no ring)

@: quick
A: very small, claws 1, fangs 3, see invisible, speed 1, shaggy fur 1, stealthy
paws, no weapons or thrown items, no armour, multi-lived
a: Renounce Religion, Berserk


You were on level 1 of the Dungeon.
You worshipped Trog.
Trog was aware of your devotion.
You visited 1 branch of the dungeon, and saw 1 of its levels.

You collected 17 gold pieces.

You aren't carrying anything.


   Skills:
 + Level 3.1 Fighting
 + Level 4.2 Dodging
 + Level 3.1 Unarmed Combat


You couldn't memorise any spells.
You didn't know any spells.
Your spell library was empty.

Dungeon Overview and Level Annotations

Branches:
Dungeon (1/15)

Altars:


Innate Abilities, Weirdness & Mutations

You have sharp claws.
You have razor-sharp teeth.
You have supernaturally acute eyesight. (SInv)
You cover ground quickly. (Speed+)
You are covered in fur. (AC +1)
Your paws help you pounce on unaware monsters.
You are incapable of wielding weapons or throwing items.
You cannot wear armour.
You gain extra lives every three experience levels.


Message History

You claw the goblin!
You kill the goblin!
Trog accepts your kill.
Things that are here:
a +0 club; a goblin corpse
Things that are here:
a +0 club; a goblin corpse You see here a +0 rapier.
An endoplasm comes into view.
Found 19 stones.
Found 13 gold pieces.
A goblin comes into view. It is wielding a +0 dagger.
Found a club.
The goblin shouts!
The endoplasm quivers.
You scratch the endoplasm but do no damage.
The endoplasm freezes you.
You are frozen.
You scratch the endoplasm.
You kill the endoplasm!
Trog accepts your kill. The goblin closely misses you.
You barely miss the goblin.
An endoplasm comes into view.
The goblin hits you with a +0 dagger.
* * * LOW HITPOINT WARNING * * *
You barely miss the goblin.
The endoplasm quivers.
Your bite misses the goblin. The goblin barely misses you.
You scratch the goblin but do no damage.
Your bite misses the goblin. The goblin hits you with a +0 dagger.
* * * LOW HITPOINT WARNING * * *
You claw the goblin!
You kill the goblin!
Trog accepts your kill.
You see here a +0 dagger.
You barely miss the endoplasm. The endoplasm freezes you.
You are frozen.
You die...

#####....)....#
##.#####.)..##
)..# #...## #..#
#..## #..# #..#
##..####..#
######.$...##..#
...........##..#
......J@)......#
...........###.#
##.###.(.......#
###########


You could see an endoplasm.

Vanquished Creatures
  An endoplasm (D:1)
  3 goblins (D:1)
4 creatures vanquished.

Notes
Turn   | Place    | Note
-------+----------+-------------------------------------------
     0 | D:1      | PurpleHaze the Felid Berserker began the quest for the Orb.
     0 | D:1      | Reached XP level 1. HP: 10/10 MP: 2/2
   191 | D:1      | Frozen to death by an endoplasm

Illustrated notes

Levels and vault maps discovered:
D:1:      lemuel_arrival_river_ford, layout_loops_ring,
          ebering_ecumenical_altar_mist

Action                   || total
-------------------------++-------
Melee: Unarmed           ||    10
Dodge: Dodged            ||     4

Table legend: (Time is in decaauts)
 A = Elapsed time spent in this place.
 B = Non-inter-level travel time spent in this place.
 C = Inter-level travel time spent in this place.
 D = Time resting spent in this place.
 E = Time spent auto-exploring this place.
 F = Levels seen in this place.
 G = Mean time per level.
                   A        B        C        D        E       F      G
               +--------+--------+--------+--------+--------+-----+--------+
         Total |    164 |    164 |      0 |      0 |     34 |   1 |  164.0 |
       Dungeon |    164 |    164 |      0 |      0 |     34 |   1 |  164.0 |
               +--------+--------+--------+--------+--------+-----+--------+

Top non-repeatable levels by time:
     D:1: 164 daAuts
